 Dungeon Crawl Stone Soup version 0.20.1-1-g8b1a95d (console) character file.

2810 bli the Spear-Bearer (level 9, -3/72 HPs)
             Began as a Merfolk Fighter on Aug 15, 2017.
             Was a Believer of Makhleb.
             Slain by a two-headed ogre
             ... wielding a +0 giant club
              (20 damage)
             ... on level 8 of the Dungeon.
             The game lasted 00:21:53 (5287 turns).

bli the Spear-Bearer (Merfolk Fighter)              Turns: 5287, Time: 00:21:54

Health: -3/72      AC:  8    Str: 18    XL:     9   Next: 72%
Magic:  9/9        EV: 13    Int:  7    God:    Makhleb [**....]
Gold:   485        SH:  9    Dex: 15    Spells: 8/8 levels left

rFire    . . .     SeeInvis .   a - +0 trident
rCold    + . .     Gourm    .   c - +0 shield
rNeg     . . .     Faith    .   P - +2 leather armour {rC+}
rPois    .         Spirit   .   (no helmet)
rElec    .         Reflect  .   E - +0 cloak
rCorr    +         Harm     .   K - +0 pair of gloves
MR       .....                  (no boots)
Stlth    ++........             j - amulet of regeneration
Regen    0.7/turn               w - ring of resist corrosion
MPRegen  0.2/turn               (no ring)

@: no status effects
A: change form in water, swift swim, stealthy swim
a: Minor Destruction, Renounce Religion


You were on level 8 of the Dungeon.
You worshipped Makhleb.
Makhleb was pleased with you.
You were not hungry.

You visited 1 branch of the dungeon, and saw 8 of its levels.

You collected 485 gold pieces.

Inventory:

Hand Weapons
 a - a +0 trident (weapon)
 o - a +0 dagger of venom
 x - a +0 whip of flaming
 O - the +4 Vampire's Tooth {vamp}
   (You found it on level 6 of the Dungeon)

   It inflicts no extra harm, but heals its wielder when it wounds a living foe.
Missiles
 e - 348 stones
 F - 3 javelins (quivered)
Armour
 c - a +0 shield (worn)
 z - the +4 chain mail of a Hundred Lives {Dex+4}
   (You found it on level 4 of the Dungeon)

   It affects your dexterity (+4).
 E - a +0 cloak (worn)
 K - a +0 pair of gloves (worn)
 P - a +2 leather armour of cold resistance (worn)
Jewellery
 h - an uncursed amulet of rage
 j - an amulet of regeneration (around neck)
 w - a ring of resist corrosion (left hand)
Wands
 C - a wand of flame (13/48)
 G - a wand of flame (7/48)
 R - a wand of polymorph (10/24)
 U - a wand of lightning (10/15)
Scrolls
 g - 13 scrolls of identify {unknown}
 k - 9 scrolls of teleportation {unknown}
 l - 2 scrolls of enchant armour {unknown}
 m - 2 scrolls of blinking {unknown}
 p - 3 scrolls of recharging {unknown}
 t - a scroll of magic mapping {unknown}
 v - a scroll of remove curse {unknown}
 y - 2 scrolls of immolation {unknown}
 A - a scroll of enchant weapon {unknown}
 B - 2 scrolls of fear {unknown}
 M - 2 scrolls of amnesia {unknown}
Potions
 d - a potion of might
 i - 2 potions of flight {unknown}
 n - 2 potions of degeneration {unknown}
 q - a potion of agility {unknown}
 u - 2 potions of curing {unknown}
 H - a potion of ambrosia {unknown}
 I - 2 potions of haste {unknown}
 J - a potion of lignification {unknown}
 L - 2 potions of magic {unknown}
 N - a potion of cancellation {unknown}
 Q - a potion of invisibility {unknown}
 S - a potion of brilliance {unknown}
 T - a potion of mutation {unknown}
Comestibles
 f - 5 bread rations
 r - 2 royal jellies
 s - 5 meat rations


   Skills:
 * Level 7.6 Fighting
 * Level 11.6 Polearms
 - Level 5.0 Armour
 * Level 6.0 Dodging
 * Level 3.4 Stealth
 - Level 3.0 Shields


You had 8 spell levels left.
You didn't know any spells.

Dungeon Overview and Level Annotations

Branches:
Dungeon (8/15)             Temple (0/1) D:7
   Lair: D:8-11

Altars:
Ashenzari
Gozag
Kikubaaqudgha
Makhleb
Okawaru
Ru
Sif Muna
Vehumet
Xom


Message History

Attack whom?
Press: ? - help, Dir - move target cursor, f/p - two-headed ogre
Aim: a two-headed ogre, wielding a giant club and a giant spiked club (moderately wounded)
You reach to attack!
You hit the two-headed ogre.
The two-headed ogre is moderately wounded.
You barely miss the two-headed ogre.
The two-headed ogre is moderately wounded.
You block the two-headed ogre's attack.
The two-headed ogre hits you with a giant spiked club!
* * * LOW HITPOINT WARNING * * *
You puncture the two-headed ogre!
The two-headed ogre is moderately wounded.
You barely miss the two-headed ogre.
The two-headed ogre is moderately wounded.
The two-headed ogre completely misses you. x2
Your shield prevents you from hitting the two-headed ogre.
The two-headed ogre is moderately wounded.
You block the two-headed ogre's attack.
The two-headed ogre hits you with a giant spiked club!!
You die...

#.... ##.####### #....
#........# ......
#..#####.#### ......
#...........#
......#####.######....#
...........>#########.#
..................#...####
.#.....##.#.............
......##.##....##.#.#.####
..... #O##.#..##.#.#.#
#... #.@........#.#.# ..O
#..####.#..####.#.# #.
......#.#..# #.#.# .
.....#.# #..####.#.# #.#
#.#..#.# #..#.. .. #.#
#.#..#.# #..#.# #.#
#.#..#.#.#..#.#
#.#.##.#..#.#.#..#.##
#.#....#....#.#..#..# #.#
#..[...#.......#
#.###.#####.#.#.#.#.###.#


You could see a two-headed ogre.

Vanquished Creatures
  Pikel (D:4)
  Eustachio (D:6)
  A water moccasin (D:6)
  A sky beast (D:6)
  4 phantoms (D:5)
  A black bear (D:6)
  A slave (D:4)
  The ghost of bli the Skirmisher, an amateur FoAK of Lugonu (D:3)
  An ogre (D:5)
  A centaur (D:6)
  3 bullfrogs
  A scorpion (D:7)
  4 killer bees (D:7)
  A howler monkey (D:4)
  2 vampire bats (D:6)
  3 crimson imps
  A centaur zombie (D:6)
  6 hounds
  An orc priest (D:4)
  4 orc wizards
  A bullfrog skeleton (D:5)
  2 worker ants
  A hound zombie (D:5)
  2 worker ant zombies
  5 gnolls
  4 adders
  2 shadow imps
  2 worms
  A dart slug (D:1)
  4 leopard geckos
  8 orcs
  12 bats
  3 giant cockroaches
  4 goblins
  8 hobgoblins
  6 jackals (D:1)
  3 quokkas
  3 ball pythons
  3 frilled lizards
  A jackal skeleton (D:7)
  7 kobolds
  20 rats
141 creatures vanquished.

Notes
Turn   | Place    | Note
-------+----------+-------------------------------------------
     0 | D:1      | bli the Merfolk Fighter began the quest for the Orb.
     0 | D:1      | Reached XP level 1. HP: 18/18 MP: 1/1
    62 | D:1      | Reached XP level 2. HP: 25/25 MP: 2/2
    77 | D:1      | Reached skill level 1 in Dodging
   450 | D:1      | Reached XP level 3. HP: 29/30 MP: 3/3
   938 | D:2      | Reached skill level 4 in Polearms
   964 | D:2      | Reached skill level 1 in Stealth
  1065 | D:3      | Reached XP level 4. HP: 37/37 MP: 4/4
  1079 | D:3      | Noticed bli's ghost (amateur FoAK)
  1088 | D:3      | Killed bli's ghost
  1088 | D:3      | Reached skill level 5 in Polearms
  1088 | D:3      | Reached XP level 5. HP: 38/43 MP: 5/5
  1391 | D:2      | Found a burning altar of Makhleb.
  1408 | D:2      | Became a worshipper of Makhleb the Destroyer
  1469 | D:2      | Found a deep blue altar of Sif Muna.
  1469 | D:2      | Found an ancient bone altar of Kikubaaqudgha.
  1477 | D:2      | Found an opulent altar of Gozag.
  1628 | D:2      | Found an iron altar of Okawaru.
  1697 | D:2      | Found a faded altar of an unknown god.
  1861 | D:2      | Reached skill level 6 in Polearms
  2414 | D:4      | Reached XP level 6. HP: 49/49 MP: 6/6
  2546 | D:4      | Got a polished chain mail
  2559 | D:4      | Identified the +4 chain mail of a Hundred Lives {Dex+4} (You found it on level 4 of the Dungeon)
  2568 | D:4      | Noticed a slave
  2569 | D:4      | Noticed Pikel
  2599 | D:4      | Killed a slave
  2651 | D:4      | Reached * piety under Makhleb
  2654 | D:4      | Reached skill level 7 in Polearms
  2773 | D:4      | Reached skill level 5 in Fighting
  3181 | D:4      | Noticed a slave
  3182 | D:4      | Noticed a slave
  3185 | D:4      | Noticed a slave
  3203 | D:4      | Killed Pikel
  3203 | D:4      | Reached skill level 8 in Polearms
  3203 | D:4      | Reached XP level 7. HP: 6/56 MP: 7/7
  3203 | D:4      | Reached XP level 8. HP: 7/62 MP: 8/8
  3305 | D:5      | Entered Level 5 of the Dungeon
  3305 | D:5      | Found a radiant altar of Vehumet.
  3400 | D:5      | Reached skill level 9 in Polearms
  3817 | D:5      | Reached skill level 10 in Polearms
  3817 | D:5      | Reached skill level 5 in Dodging
  3903 | D:6      | Reached XP level 9. HP: 62/71 MP: 9/9
  4013 | D:6      | Found a sacrificial altar of Ru.
  4318 | D:6      | Reached ** piety under Makhleb
  4318 | D:6      | Reached skill level 11 in Polearms
  4453 | D:6      | Noticed Eustachio
  4513 | D:6      | Killed Eustachio
  4729 | D:7      | Found a staircase to the Ecumenical Temple.
  4988 | D:7      | Reached skill level 5 in Armour
  5003 | D:7      | Found a shimmering altar of Xom.
  5101 | D:7      | Found a shattered altar of Ashenzari.
  5271 | D:8      | Noticed a two-headed ogre
  5287 | D:8      | Slain by a two-headed ogre

Skill      XL: |  1  2  3  4  5  6  7  8  9 |
---------------+----------------------------+-----
Dodging        | 1 2 4 5 6 |  6.0
Fighting       | 4 5 6 7 |  7.6
Polearms       | 4 5 6 8 10 11 | 11.6
Stealth        | 1 2 3 |  3.4
Armour         | 3 4 5 |  5.0
Shields        | |  3.0

Action                   |  1- 3 |  4- 6 |  7- 9 || total
-------------------------+-------+-------+-------++-------
Melee: Trident           |   123 |   189 |   400 ||   712
       Tailslap          |       |       |     2 ||     2
Throw: Javelin           |       |       |     2 ||     2
Invok: Minor Destruction |       |       |     1 ||     1
Evoke: Wand              |       |       |     6 ||     6
 Stab: Distracted        |       |       |     1 ||     1
       Sleeping          |       |       |     1 ||     1
  Eat: Chunk             |     1 |     6 |     8 ||    15
Armor: Scale mail        |    36 |    30 |       ||    66
       Chain mail        |       |    34 |   125 ||   159
       Leather armour    |       |       |    17 ||    17
Dodge: Dodged            |    33 |    43 |   114 ||   190
Block: Shield            |    43 |    85 |   144 ||   272
